Map: Année zéro EC

Players

Sorandom

  • Race: Zerg Zerg
  • League: Diamond
  • Spawn Location: 1:00

Jacob - Winner!

  • Race: Zerg Zerg
  • League: Diamond
  • Spawn Location: 11:00

VOD

Have the link to the VOD?

Description

Time

  • Played on: April 4, 2019, 6:04 p.m.
  • Length: 8:16
Show
View Real Time Build Order
Export as new Build Order

Sorandom Zerg 

Build Orders: Pool First 

Get SALT Encoding   

  12  0:02  Drone  
  13  0:13  Overlord  
  13  0:18  Drone  
  14  0:31  Drone x2  
  16  0:36  Drone  
  17  0:48  Spawning Pool  
  16  0:51  Drone  
  16  0:55  Extractor  
  16  0:57  Drone  
  17  1:08  Drone  
  18  1:26  Drone  
  18  1:29  Hatchery  
  18  1:33  Overlord  
  18  1:45  Roach Warren  
  17  1:48  Zergling x2  
  17  1:53  Drone  
  19  2:03  Queen  
  21  2:16  Drone x2  
  23  2:25  Roach  
  25  2:34  Drone  
  26  2:39  Queen  
  26  2:41  Queen  
  30  2:51  Roach, Drone  
  34  2:58  Roach  
  34  3:00  Overlord  
  34  3:07  Drone  
  35  3:21  Drone x5  
  35  3:25  Overlord  
  40  3:31  Evolution Chamber  
  39  3:38  Roach  
  39  3:39  Roach  
  43  3:43  Roach  
  45  3:54  Spine Crawler  
  44  4:02  Roach x4  
  49  4:16  Drone x3  
  51  4:26  Lair  
  51  4:31  Drone  
  51  4:32  Overlord  
  51  4:33  Overlord  
  52  4:51  Ravager  
  53  5:00  Roach  
  53  5:01  Roach  
  53  5:02  Drone x6  
  63  5:07  Drone  
  63  5:08  Drone  
  63  5:11  Overlord  
  63  5:12  Overlord  
  65  5:14  Extractor  
  64  5:30  Roach x3  
  64  5:34  Drone  
  66  5:36  Extractor  
  66  5:41  Roach  
  67  5:47  Hatchery  
  62  6:04  Ravager  
  62  6:06  Drone x6  
  69  6:11  Extractor  
  68  6:22  Queen x2  
  72  6:38  Drone x4  
  76  6:43  Roach x2  
  80  6:48  Drone  
  80  6:49  Drone x2  
  80  6:51  Glial Reconstitution  
  83  6:59  Ravager  
  84  7:01  Roach  
  86  7:17  Drone  
  86  7:18  Drone x3  
  86  7:19  Hydralisk Den  
  89  7:27  Roach  
  89  7:38  Overlord x7  
  89  7:56  Ravager  
  89  7:57  Ravager  
Show
View Real Time Build Order
Export as new Build Order

Jacob Zerg - Winner!

Build Orders: Pool First 

Get SALT Encoding   

  12  0:02  Drone  
  13  0:12  Drone  
  14  0:18  Overlord  
  14  0:37  Drone  
  14  0:38  Drone x2  
  17  0:42  Extractor  
  16  0:52  Spawning Pool, Drone  
  16  1:16  Hatchery  
  15  1:21  Drone  
  15  1:25  Drone  
  17  1:37  Drone x2  
  19  1:46  Queen  
  21  1:54  Overlord  
  21  2:01  Metabolic Boost  
  21  2:14  Zergling x4  
  23  2:17  Zergling x2  
  24  2:26  Baneling Nest  
  23  2:33  Zergling x2, Queen  
  23  2:37  Zergling x2  
  27  2:41  Zergling x2  
  28  3:00  Zergling x4  
  28  3:02  Zergling x8  
  34  3:12  Baneling x2  
  34  3:16  Drone x2  
  34  3:18  Overlord  
  36  3:26  Baneling x2  
  36  3:38  Drone x2  
  36  3:41  Drone x4  
  32  4:16  Drone x7  
  32  4:17  Drone x3  
  41  4:23  Extractor  
  40  4:29  Roach Warren  
  38  4:38  Overlord  
  38  4:39  Overlord  
  38  5:03  Zergling x18  
  38  5:04  Zergling x2  
  48  5:07  Spine Crawler  
  48  5:12  Roach  
  48  5:25  Roach x5  
  52  5:39  Roach x3  
  52  5:40  Roach  
  53  6:03  Drone x2  
  55  6:07  Overlord  
  55  6:08  Overlord  
  55  6:09  Roach x2  
  55  6:10  Lair  
  59  6:21  Ravager  
  60  6:29  Roach  
  60  6:30  Roach x4  
  70  6:33  Drone  
  70  6:34  Drone x2  
  73  6:42  Evolution Chamber, Extractor, Drone  
  73  6:44  Drone  
  73  6:45  Drone x2  
  75  6:55  Overlord x2  
  75  7:09  Nydus Network  
  75  7:11  Roach  
  74  7:27  Roach x8  
  88  7:40  Ravager  
  89  7:50  Nydus Canal  
  89  7:57  Drone x3  
  92  8:02  Extractor  
Tags
 
Matchup
ZvZ
Race
Zerg
Replay Pack
Pack 2
Spawn Locations
Close Positions
Add a new tag
Caveats
  • Supply blocks, unpowered buildings, or Contaminate may cause inaccurate times.
  • Supply counts are checked every 10 seconds.